 Dungeon Crawl Stone Soup version 0.30.1-4-g462c640d31 (webtiles) character file.

Game seed: 2592910808653113806

720 rvierbuc the Ducker (level 7, 0/78 HPs)
             Began as a Demonspawn Gladiator on Aug 21, 2023.
             Succumbed to Duvessa's poison
             ... on level 4 of the Dungeon.
             The game lasted 00:16:47 (3079 turns).

rvierbuc the Ducker (Demonspawn Gladiator)          Turns: 3079, Time: 00:16:47

Health: 0/78       AC: 23    Str: 11 (14) XL:     7   Next: 42%
Magic:  7/7        EV:  2    Int: 10 (11) God:
Gold:   224        SH:  5    Dex: 10 (15) Spells: 6/6 levels left

rFire   . . .        r - +4 short sword (elec)
rCold   . . .        (no shield)
rNeg    . . .        b - melded +0 leather armour
rPois   +            c - melded +0 helmet
rElec   .            (cloak currently unavailable)
rCorr   .            o - melded +2 pair of gloves
SInv    .            (boots currently unavailable)
Will    .....        F - amulet of reflection
Stlth   +            (no ring)
HPRegen 0.33/turn    (no ring)
MPRegen 0.10/turn

%: reflection
@: brilliant, lethally poisoned (0 -> -29), tree-form
A: stationary, stasis, torment immunity, boosted hp, (sturdy frame 1), demonic
magic 1, deterioration 1, no potion heal 1
a: no special abilities


You were on level 4 of the Dungeon.
You were a tree.
You visited 1 branch of the dungeon, and saw 4 of its levels.

You collected 224 gold pieces.

Inventory:

Hand Weapons
 a - a +0 flail
 r - a +4 short sword of electrocution (weapon)
 s - a +0 lajatang of electrocution
Missiles
 e - a javelin
 A - 6 poisoned darts (quivered)
 B - 6 boomerangs
Armour
 b - a +0 leather armour (melded)
 c - a +0 helmet (melded)
 o - a +2 pair of gloves (melded)
 D - a +2 chain mail of fire resistance
Jewellery
 l - an amulet of magic regeneration
 F - an amulet of reflection (around neck)
Wands
 C - a wand of digging (5)
Scrolls
 d - a scroll of butterflies {unknown}
 g - a scroll of blinking {unknown}
 h - a scroll of immolation {unknown}
 j - a scroll of brand weapon {unknown}
 k - 2 scrolls of silence {unknown}
 m - 6 scrolls of identify {unknown}
 n - a scroll of enchant armour {unknown}
 p - a scroll of vulnerability {unknown}
 q - a scroll of magic mapping {unknown}
 u - a scroll of torment {unknown}
 v - a scroll of teleportation {unknown}
 y - a scroll of fog {unknown}
Potions
 f - a potion of attraction
 t - 3 potions of degeneration
 w - 3 potions of mutation


   Skills:
 + Level 3.0 Fighting
 + Level 3.7 Short Blades
 + Level 3.8 Maces & Flails
 + Level 2.1 Throwing
 + Level 3.0 Armour
 + Level 4.5 Dodging
 + Level 0.6 Stealth
 + Level 0.4 Shields


You had 6 spell levels left.
You didn't know any spells.
Your spell library contained the following spells:

 Spells                   Type           Power      Damage    Failure   Level
 Lesser Beckoning         Tloc           0%         N/A       50%         2
 Gell's Gravitas          Tloc           0%         N/A       75%         3
 Teleport Other           Tloc           0%         N/A       75%         3


Dungeon Overview and Level Annotations

Branches:
Dungeon (4/15)
 Temple: D:4-7

Altars:
Nemelex Xobeh
Ru
Sif Muna

Shops:
D:1 [   D:3 *

Annotations:
D:4 Duvessa


Innate Abilities, Weirdness & Mutations

You are a tree.
Your roots penetrate the ground, keeping you stationary.
You cannot be teleported.
You are immune to unholy pain and torment.
Your maximum health is greatly increased.
Your equipment is partially melded.
((Your movements are slightly less encumbered by armour. (ER -2)))
Spells you cast may paralyse adjacent enemies.
Your body sometimes deteriorates upon taking damage.
Potions are less effective at restoring your health.


Message History

Things that are here:
a +0 hand axe; an orc corpse
Things that are here:
a +0 flail; an orc corpse You see here a +0 dagger.
Things that are here:
a +0 flail; an orc corpse You start resting.
Duvessa is nearby!
Duvessa shouts!
Duvessa goes berserk!
You start resting.
Duvessa is nearby!
You hit Duvessa.
Duvessa is lightly wounded.
You block Duvessa's attack.
You closely miss Duvessa.
Duvessa is lightly wounded.
Duvessa completely misses you.
You barely miss Duvessa.
Duvessa is lightly wounded.
Duvessa barely misses you.
You puncture Duvessa! Lightning courses through Duvessa!
Duvessa is heavily wounded.
Duvessa hits you with a +0 short sword of venom!
You are poisoned.
You block Duvessa's attack.
It was a potion of brilliance.
You feel clever all of a sudden.
You feel very sick.
Duvessa hits you with a +0 short sword of venom!
* * * LOW HITPOINT WARNING * * *
Your body deteriorates!
You feel clumsy.
You are more poisoned.
An endoplasm comes into view.
Really quaff the potion of lignification?
You turn into a tree.
Your +0 helmet melds into your body.
Your +2 pair of gloves melds into your body.
Your +0 leather armour melds into your body.
Your roots penetrate the ground.
You die...

##.!.. ...............
....♣.###....#.........(
...P.♣............ ##
..........##........ #. ...
#....♣P............. ##.
...##.e..# #...............#..
#.......###..)...............
#........#J.##...............
.#.........#e♣.)..............
...#.......##.##).............
.~............#.......#.......
~≈~.#...[...#........###.....
~~~≈...###..###...............
~~~..#.##...###...............
.~~. #....<.##.#.........#....
.~. ##........##.##..####....
.# ##........#####....##....


You could see Duvessa (berserk) and an endoplasm.

Vanquished Creatures
  Grinder (D:3)
  An ogre (D:4)
  The ghost of Zeor the Ducker, an amateur DEGl of Vehumet (D:3)
  Dowan (D:4)
  3 quasits (D:4)
  An iguana (D:4)
  Ijyb (D:3)
  5 adders
  4 shadow imps (D:4)
  4 white imps (D:4)
  3 ufetubi (D:4)
  2 worms
  A dart slug (D:2)
  3 orcs (D:4)
  5 endoplasms
  4 giant cockroaches
  A hobgoblin (D:1)
  4 jackals (D:3)
  7 kobolds
  7 quokkas
  11 ball pythons
  5 bats
  2 frilled lizards (D:2)
  5 goblins
82 creatures vanquished.

Notes
Turn   | Place    | Note
-------+----------+-------------------------------------------
     0 | D:1      | rvierbuc the Demonspawn Gladiator began the quest for the
                  | Orb.
     0 | D:1      | Reached XP level 1. HP: 16/16 MP: 1/1
   105 | D:1      | Reached skill level 3 in Dodging
   134 | D:1      | Gained mutation: Spells you cast may paralyse adjacent
                  | enemies. [demonic ancestry]
   134 | D:1      | Reached XP level 2. HP: 19/22 MP: 2/2
   226 | D:1      | Found Geec's Antique Armour Boutique.
   815 | D:2      | Reached XP level 3. HP: 11/27 MP: 3/3
  1180 | D:2      | Found a faded altar of an unknown god.
  1282 | D:2      | Found a sacrificial altar of Ru.
  1666 | D:3      | Found a shimmering blue altar of Sif Muna.
  1846 | D:3      | Found Fuly's Assorted Antiques.
  1849 | D:3      | Noticed Grinder
  1859 | D:3      | Paralysed by Grinder for 4 turns
  1865 | D:3      | Paralysed by Grinder for 5 turns
  1880 | D:3      | Paralysed by Grinder for 4 turns
  1888 | D:3      | Paralysed by Grinder for 2 turns
  1900 | D:3      | Killed Grinder
  1901 | D:3      | Reached skill level 1 in Short Blades
  1901 | D:3      | Reached XP level 4. HP: 4/34 MP: 4/4
  1901 | D:3      | Reached XP level 5. HP: 4/39 MP: 5/5
  2094 | D:3      | Found a sparkling altar of Nemelex Xobeh.
  2113 | D:3      | Found a runed translucent door.
  2117 | D:3      | Noticed Zeor's ghost (amateur DEGl)
  2130 | D:3      | Killed Zeor's ghost
  2131 | D:3      | Gained mutation: Your movements are slightly less
                  | encumbered by armour. (ER -2) [demonic ancestry]
  2131 | D:3      | Reached XP level 6. HP: 43/46 MP: 6/6
  2168 | D:3      | Noticed Ijyb
  2176 | D:3      | Killed Ijyb
  2712 | D:4      | Noticed Duvessa
  2717 | D:4      | Noticed Dowan
  2721 | D:4      | Reached skill level 4 in Dodging
  2728 | D:4      | Killed Dowan
  2729 | D:4      | Reached XP level 7. HP: 47/51 MP: 7/7
  2938 | D:4      | Gained mutation: Your body sometimes deteriorates upon
                  | taking damage. [potion of mutation]
  2938 | D:4      | Gained mutation: Potions are less effective at restoring
                  | your health. [potion of mutation]
  2960 | D:4      | HP: 3/76 [shadow imp (4)]
  3079 | D:4      | Succumbed to Duvessa's poison

Illustrated notes

Levels and vault maps discovered:
D:1:      erik_arrival_cave_to_civilisation [erik_arrival_cave_to_hall],
          layout_rooms, serial_shops, shop_statue, minivault_27
D:2:      layout_basic, ebering_ecumenical_altar_abandoned, basic_altar
D:3:      layout_loops_cross, mainiacjoe_overflow_boulevard,
          mainiacjoe_overflow_alcove_2, serial_shops, nicolae_shop_tiny_glass,
          ebering_ghost_reflecting_pool, uniq_grinder, uniq_ijyb
D:4:      layout_cave_pools, serial_demonic, serial_demonic_d, serial_demonic_b,
          serial_demonic_f, serial_demonic_a, serial_demonic_e,
          serial_demonic_f, kennysheep_generic_room_10, uniq_duvessa

Skill      XL: |  1  2  3  4  5  6  7 |
---------------+----------------------+-----
Dodging        | 3 4 |  4.5
Maces & Flails | 3 |  3.8
Throwing       | 2 |  2.1
Short Blades   | 1 2 3 |  3.7
Armour         | 2 3 |  3.0
Fighting       | 3 |  3.0
Stealth        | |  0.6
Shields        | |  0.4

Action                     |  1- 3 |  4- 6 |  7- 9 || total
---------------------------+-------+-------+-------++-------
  Melee: Flail             |    42 |       |       ||    42
         Short sword       |    63 |    81 |    79 ||   223
         Punch             |       |     2 |       ||     2
  Throw: Throwing net      |     4 |     2 |       ||     6
         Dart              |       |       |     6 ||     6
         Javelin           |       |       |     1 ||     1
    Use: Potion            |       |       |     8 ||     8
 Armour: Leather armour    |    39 |    41 |    27 ||   107
         Skin              |       |       |    90 ||    90
  Dodge: Dodged            |    83 |    48 |    34 ||   165
  Block: Other             |       |    15 |    42 ||    57
         Reflection        |       |       |     1 ||     1
